 Dungeon Crawl Stone Soup version 0.30-a0-691-g754fce4c43 (webtiles) character file.

Game seed: 15505573201933373286

120358 bmack86 the Tortoise (level 16, -3/147 HPs)
             Began as a Minotaur Fighter on Jan 19, 2023.
             Was a High Priest of Okawaru.
             Slain by a tyrant leech (24 damage)
             ... called by a spriggan druid
             ... on level 2 of the Swamp.
             The game lasted 01:13:03 (24141 turns).

bmack86 the Tortoise (Minotaur Fighter)            Turns: 24141, Time: 01:13:03

Health: -3/147     AC: 30    Str: 23    XL:     16   Next: 29%
Magic:  0/32       EV:  6    Int:  5    God:    Okawaru [*****.]
Gold:   1111       SH: 18    Dex: 11    Spells: 15/15 levels left

rFire   + + .      SeeInvis .    I - +0 war axe of the Gnashing Augurer {flame, rF+}
rCold   + + .      Faith    .    u - +0 tower shield
rNeg    . . .      Spirit   +    v - +1 plate armour of Midwinter {rC+ Will+}
rPois   +          Reflect  .    C - +2 hat {Will+}
rElec   .          Harm     .    U - +2 cloak {Will+}
rCorr   .          Rampage  .    y - +1 pair of gloves of the Game of Kings {rPois Regen+ Str-5}
Will    ++++.                    z - +1 pair of boots Stlth
                                 b - amulet of guardian spirit
HPRegen 1.24/turn                S - ring of flight
MPRegen 0.23/turn                L - ring "Zulu" {rPois rF+ rC+ MP+9 Stlth+}

@: flying
A: horns 2, retaliatory headbutt
a: Renounce Religion, Heroism, Finesse, Duel


You were on level 2 of the Swamp.
You worshipped Okawaru.
Okawaru was extremely pleased with you.
You visited 5 branches of the dungeon, and saw 25 of its levels.
You also visited: Gauntlet.

You collected 2830 gold pieces.
You spent 1719 gold pieces at shops.

Inventory:

Hand Weapons
 I - the +0 war axe of the Gnashing Augurer (weapon) {flame, rF+}
   (You found it on level 8 of the Dungeon)

   rF:        It protects you from fire.
 Q - a +3 broad axe of venom
 Y - a +3 broad axe of draining
Missiles
 j - 3 throwing nets
 l - 13 javelins
 n - 11 boomerangs (quivered)
 q - 8 silver javelins
 t - 8 curare-tipped darts
Armour
 f - a +3 plate armour of positive energy
 s - a +2 pair of gloves of dexterity
 u - a +0 tower shield (worn)
 v - the +1 plate armour of Midwinter (worn) {rC+ Will+}
   (You found it on level 6 of the Dungeon)

   rC:        It protects you from cold.
   Will:      It increases your willpower.
 y - the +1 pair of gloves of the Game of Kings (worn) {rPois Regen+ Str-5}
   (You found it in a Gauntlet)

   Str:       It affects your strength (-5).
   rPois:     It protects you from poison.
   Regen:     It increases your rate of health regeneration.
 z - a +1 pair of boots (worn)
 C - a +2 hat of willpower (worn)
 G - a scarf of repulsion
 U - a +2 cloak of willpower (worn)
Jewellery
 b - an amulet of guardian spirit (around neck)
 c - a ring of willpower
 e - a +6 ring of strength
 r - a +5 ring of evasion
 w - a ring of resist corrosion
 H - a ring of magical power
 L - the ring "Zulu" (right hand) {rPois rF+ rC+ MP+9 Stlth+}
   (You acquired it on level 8 of the Dungeon)

   [ring of poison resistance]

   rF:        It protects you from fire.
   rC:        It protects you from cold.
   rPois:     It protects you from poison.
   MP:        It affects your magic capacity (+9).
   Stlth:     It makes you more stealthy.
 M - an amulet of the acrobat
 N - a ring of protection from cold
 S - a ring of flight (left hand)
Wands
 D - a wand of flame (24)
 P - a wand of quicksilver (8)
 T - a wand of roots (17)
 V - a wand of mindburst (11)
 W - a wand of digging (7)
Scrolls
 i - 3 scrolls of fear
 x - 4 scrolls of magic mapping
 J - a scroll of silence
 K - 2 scrolls of fog
 R - 4 scrolls of teleportation
Potions
 d - 5 potions of might
 g - 2 potions of flight
 h - 4 potions of resistance
 k - 2 potions of ambrosia
 o - 4 potions of cancellation
 p - 6 potions of brilliance
 A - 2 potions of berserk rage
 B - 3 potions of magic
 E - 7 potions of haste
 F - 4 potions of invisibility
 O - 5 potions of curing


   Skills:
 + Level 14.9 Fighting
 - Level 18.0 Axes
 - Level 10.0 Throwing
 + Level 18.1 Armour
 + Level 15.0 Shields
 + Level 11.9 Invocations


You had 15 spell levels left.
You didn't know any spells.
Your spell library contained the following spells:

 Spells                   Type           Power      Damage    Failure   Level
 Beastly Appendage        Tmut           0%         N/A       100%        1
 Foxfire                  Conj/Fire      0%         2x1d4     100%        1
 Kiss of Death            Conj/Necr      0%         2d5       100%        1
 Magic Dart               Conj           0%         1d3       100%        1
 Searing Ray              Conj           0%         2d4       100%        2
 Static Discharge         Conj/Air       0%         2-2/arc   100%        2
 Wereblood                Tmut           0%         N/A       100%        2
 Inner Flame              Hex/Fire       0%         N/A       100%        3
 Ozocubu's Armour         Ice            0%         N/A       100%        3
 Spider Form              Tmut/Pois      0%         N/A       100%        3
 Vhi's Electric Charge    Tloc/Air       0%         N/A       100%        3
 Airstrike                Air            0%         2d(0-16)  100%        4
 Flame Wave               Conj/Fire      0%         2d4       100%        4
 Fulminant Prism          Conj/Hex       0%         3d5       100%        4
 Iskenderun's Mystic Bla  Conj/Tloc      0%         2d3       100%        4
 Petrify                  Tmut/Erth      0%         N/A       100%        4
 Sticky Flame             Conj/Fire      0%         2d3       100%        4
 Arcjolt                  Conj/Air       0%         1d10      100%        5
 Borgnjor's Vile Clutch   Necr/Erth      0%         N/A       100%        5
 Fireball                 Conj/Fire      0%         3d3       100%        5
 Lightning Bolt           Conj/Air       0%         1d11      100%        5
 Metabolic Englaciation   Hex/Ice        0%         N/A       100%        5
 Statue Form              Tmut/Erth      0%         N/A       100%        6
 Ozocubu's Refrigeration  Ice            0%         4d7       100%        7
 Summon Lightning Spire   Summ/Air       Unusable   N/A       N/A         4
 Infestation              Necr           Unusable   N/A       N/A         8

Dungeon Overview and Level Annotations

Branches:
Dungeon (15/15)            Temple (0/1) D:7            Lair (5/5) D:10
  Swamp (2/4) Lair:3        Snake (1/4) Lair:3        Slime (0/5) Lair:4
    Orc (2/2) D:12            Elf (0/3) Orc:2        Vaults (0/5) D:14
 Depths (0/4) D:15        Gauntlet (visited)

Altars:
Cheibriados
Gozag
Hepliaklqana
Makhleb
Nemelex Xobeh
Okawaru
Vehumet
Wu Jian
Xom
Yredelemnul
The Shining One
Jiyva

Shops:
D:3 *([   D:10 !   Orc:1 **   Orc:2 *[?(


Innate Abilities, Weirdness & Mutations

You have a pair of horns on your head.
You reflexively headbutt those who attack you in melee.


Message History

The four-headed hydra is severely wounded.
You slash the spriggan druid! You burn the spriggan druid.
You slash the spriggan! You burn the spriggan.
The briar patch crumbles away.
The spriggan druid hits you with a +0 quarterstaff.
* * * LOW HITPOINT WARNING * * *
You block the four-headed hydra's attack.
The four-headed hydra bites you.
* * * LOW HITPOINT WARNING * * *
The four-headed hydra barely misses you.
You block the four-headed hydra's attack.
You block the spriggan's attack.
You lop one of the four-headed hydra's heads off!
The flame cauterises the wound!
You slash the three-headed hydra! You burn the three-headed hydra.
The three-headed hydra is almost dead.
You slash the spriggan! You burn the spriggan.
You kill the spriggan!
Okawaru accepts your kill.
You closely miss the tyrant leech. You closely miss the spriggan druid.
You block the tyrant leech's attack.
The three-headed hydra bites you but does no damage.
You block the three-headed hydra's attack. x2
You block the spriggan druid's attack.
You chop one of the three-headed hydra's heads off!
The flame cauterises the wound!
You hit the two-headed hydra. You burn the two-headed hydra.
You headbutt the two-headed hydra.
The two-headed hydra is almost dead.
You slash the spriggan druid! You burn the spriggan druid.
With its final breath, the spriggan druid offers up its power to the beasts of the wild!
The tyrant leech seems to grow more fierce.
The swamp worm seems to grow more fierce.
The tyrant leech seems to grow more fierce. x2
You kill the spriggan druid!
Okawaru accepts your kill.
You hear a splash. x2
You miss the tyrant leech.
The two-headed hydra bites you but does no damage.
You block the two-headed hydra's attack.
You feel better. The tyrant leech bites you!!
You die...

♣♣..♣.~~....~~~~.♣~§.~~.
~~......~....~§~....~~~.
~...~..)..~...~†.~~~~~~.
.......~...###.†~~~~....
#.#$w.....#.#..~~[.~♣♣.
#.....♣♣..#P#.)~...~♣♣♣
.###..)~....PP.~~...♣~♣♣
......)w....PP†~~.~~~.~♣
......t@..###P.~..~§~..♣
.##.#.wD..##....♣~.~~~~♣
#.........P..~..~.~~.♣
......#w##.....~~~...~~
~..#..#..#.#...~~~~§~~~
~...!...##.....?~.~~~~~
~.♣.........§♣♣♣♣~.....
.♣..~~..♣♣♣♣ ♣.♣♣♣♣
♣§♣~.~♣ .~♣


You could see an alligator, a two-headed hydra, 3 tyrant leeches and a swamp
worm (strong).

Vanquished Creatures
  Frances (Swamp:1)
  Kirke (Swamp:1)
  Agnes (D:14)
  A thorn hunter (Swamp:2)
  Roxanne (D:14)
  A fenstrider witch (Swamp:1)
  The ghost of wormed the Protected, a journeyman AtCK of Xom (Orc:2)
  Louise (D:14)
  A reaper (Gauntlet)
  An eleionoma (Swamp:1)
  A minotaur (Gauntlet)
  A bunyip (Swamp:1)
  2 ettins
  A shambling mangrove (Swamp:1)
  The ghost of bmack86 the Cleaver, a journeyman MiFi of Okawaru (D:10)
  8 vault guards
  11 hydras
  Erica (Lair:1)
  An ogre mage (D:15)
  4 centaur warriors
  5 boulder beetles
  3 two-headed ogres
  7 orc high priests (Orc:2)
  A dancing weapon (D:10)
  17 death yaks
  5 alligators
  3 tengu warriors
  A spriggan druid (Swamp:2)
  5 skeletal warriors (D:11)
  A swamp dragon (Swamp:2)
  A wizard (D:15)
  A necromancer (D:15)
  A bog body (Swamp:1)
  2 orc knights
  2 deep elf pyromancers
  A wolf spider (D:15)
  5 manticores
  3 orc sorcerers
  8 ugly things
  A will-o-the-wisp (Swamp:1)
  An oklob plant (Lair:2)
  6 elephants (Lair:2)
  5 cyclopes
  A moth of wrath (Gauntlet)
  5 black mambas
  A torpor snail (shapeshifter) (D:13)
  2 gargoyles
  21 cane toads
  2 minotaur zombies (Gauntlet)
  2 rime drakes (Lair:4)
  8 komodo dragons
  An unseen horror (D:10)
  A freezing wraith (D:14)
  3 tengu conjurers
  8 trolls
  A polar bear (shapeshifter) (D:15)
  A hellwing (Gauntlet)
  6 tyrant leeches
  21 blink frogs
  6 hornets
  5 polar bears
  A raiju (shapeshifter) (D:15)
  14 slime creatures
  2 vampires
  4 wyverns
  50 yaks
  4 wraiths
  3 basilisks
  2 hogs (Swamp:1)
  5 spriggans
  3 neqoxecs (Orc:2)
  4 humans (Swamp:1)
  6 wargs
  12 vampire mosquitoes
  5 nagas (Lair:3)
  5 swamp worms
  2 acid dragons
  A sky beast (D:7)
  16 water moccasins
  18 orc warriors
  An ice beast (D:7)
  A swamp drake (Swamp:2)
  2 black bears
  3 ogres
  11 centaurs
  20 wolves
  2 boggarts (D:14)
  2 phantoms
  A kobold brigand (D:9)
  17 bullfrogs
  2 scorpions
  A necrophage (D:6)
  A gnoll sergeant (D:11)
  3 wights (D:9)
  9 killer bees
  5 electric eels
  6 howler monkeys
  3 jellies
  3 quasits (Orc:2)
  5 hounds
  38 orc priests
  4 iguanas
  7 orc wizards
  Natasha (D:3)
  Ijyb (D:3)
  15 gnolls
  7 adders
  A shadow imp (D:7)
  2 ufetubi
  A worm (D:2)
  4 dart slugs
  96 orcs
  8 ball pythons
  5 endoplasms
  2 giant cockroaches
  7 goblins
  8 hobgoblins
  7 jackals
  2 quokkas
  6 bats
  7 frilled lizards
  10 kobolds
  7 rats
  A bush (Lair:2)
723 creatures vanquished.

Vanquished Creatures (others)
  A goliath frog (Swamp:1)
  A bloated husk (Swamp:1)
  2 boggarts (D:14)
  A wolf (Lair:4)
  An orc (Orc:2)
  10 foxfires (Swamp:1)
  36 fungi
  99 plants
  A withered plant (D:14)
152 creatures vanquished.

Grand Total: 875 creatures vanquished

Notes
Turn   | Place    | Note
-------+----------+-------------------------------------------
     0 | D:1      | bmack86 the Minotaur Fighter began the quest for the Orb.
     0 | D:1      | Reached XP level 1. HP: 19/19 MP: 0/0
   103 | D:1      | Reached XP level 2. HP: 26/27 MP: 1/1
   315 | D:1      | Found a faded altar of an unknown god.
   371 | D:1      | Reached XP level 3. HP: 14/33 MP: 2/2
  1543 | D:3      | Noticed Ijyb
  1554 | D:3      | Reached XP level 4. HP: 8/40 MP: 3/3
  1554 | D:3      | HP: 2/40 [poisoned by Ijyb]
  1558 | D:3      | Killed Ijyb
  1559 | D:3      | Found Sestir's Weapon Boutique.
  1755 | D:3      | Found Feshayn's Assorted Antiques.
  1774 | D:3      | Bought a hat for 92 gold pieces
  1854 | D:3      | Reached skill level 1 in Throwing
  1927 | D:3      | Found an iron altar of Okawaru.
  1937 | D:3      | Became a worshipper of Warmaster Okawaru
  2081 | D:3      | Found Caprubbo's Antique Armour Boutique.
  2109 | D:3      | Noticed a phantom
  2115 | D:3      | Killed a phantom
  2116 | D:3      | Reached XP level 5. HP: 45/47 MP: 4/4
  2361 | D:3      | Noticed Natasha
  2367 | D:3      | Killed Natasha
  2530 | D:3      | Identified a scroll of acquirement
  2531 | D:3      | Acquired 334 gold pieces
  2632 | D:3      | Bought a shiny plate armour for 390 gold pieces
  2738 | D:4      | Reached XP level 6. HP: 49/53 MP: 5/5
  2744 | D:4      | Reached skill level 5 in Axes
  2809 | D:4      | Found a burning altar of Makhleb.
  2811 | D:4      | Noticed a cacodemon
  2815 | D:4      | Noticed a neqoxec
  2815 | D:4      | Noticed an orange demon
  2924 | D:4      | Reached * piety under Okawaru
  2950 | D:4      | Reached skill level 5 in Fighting
  2950 | D:4      | Reached skill level 1 in Invocations
  2954 | D:4      | Reached skill level 5 in Armour
  2954 | D:4      | Reached skill level 5 in Shields
  2954 | D:4      | Reached XP level 7. HP: 55/61 MP: 6/6
  3072 | D:4      | Got the Octavo of Elliptic Energy
  3312 | D:5      | Entered Level 5 of the Dungeon
  3326 | D:5      | Noticed a wyvern
  3333 | D:5      | Killed a wyvern
  3805 | D:5      | Got Sif Muna's Guidebook on the Roasted Graveyard
  4311 | D:6      | Reached XP level 8. HP: 70/70 MP: 8/8
  4606 | D:6      | Found a radiant altar of Vehumet.
  4606 | D:6      | Found an opulent altar of Gozag.
  4642 | D:6      | Identified the +1 plate armour of Midwinter {rC+ Will+}
  4725 | D:6      | Found a glowing golden altar of the Shining One.
  4947 | D:7      | Found a staircase to the Ecumenical Temple.
  4984 | D:7      | Reached ** piety under Okawaru
  5010 | D:7      | Found a snail-covered altar of Cheibriados.
  5065 | D:7      | Found a hazy altar of Hepliaklqana.
  5189 | D:7      | Found an ornate altar of the Wu Jian Council.
  5595 | D:7      | Identified the +1 ring mail of Exclusion {rF- Int+4}
  5884 | D:8      | Reached XP level 9. HP: 69/78 MP: 10/10
  5921 | D:8      | Found a basalt altar of Yredelemnul.
  5957 | D:8      | Identified the +0 war axe of the Gnashing Augurer {flame,
                  | rF+}
  6610 | D:8      | Acquired the ring "Zulu" {rPois rF+ rC+ MP+9 Stlth+}
  6798 | D:9      | Acquired a manual of Armour
  6875 | D:9      | Reached *** piety under Okawaru
  7378 | D:9      | Noticed a manticore
  7395 | D:9      | Killed a manticore
  7396 | D:9      | Reached skill level 5 in Throwing
  7568 | D:9      | Paralysed by a hornet for 3 turns
  7571 | D:9      | Reached **** piety under Okawaru
  7572 | D:9      | Reached XP level 10. HP: 45/86 MP: 9/12
  7901 | D:10     | Entered Level 10 of the Dungeon
  7993 | D:10     | Reached skill level 10 in Axes
  8043 | D:10     | Reached skill level 5 in Invocations
  8118 | D:10     | Found Morehub's Distillery.
  8121 | D:10     | Bought a potion of curing for 42 gold pieces
  8121 | D:10     | Bought a potion of heal wounds for 70 gold pieces
  8225 | D:10     | Found a staircase to the Lair.
  8346 | D:10     | Received a gift from Okawaru
  8561 | D:10     | Noticed a two-headed ogre
  8568 | D:10     | Killed a two-headed ogre
  9239 | D:10     | Reached skill level 10 in Armour
  9274 | D:10     | Found a runed translucent door.
  9274 | D:10     | Found a shimmering altar of Xom.
  9274 | D:10     | Noticed bmack86's ghost (journeyman MiFi)
  9275 | D:10     | Noticed a +5 hand axe of chaos
  9398 | D:10     | Killed a +5 hand axe of chaos
  9420 | D:10     | Killed bmack86's ghost
  9421 | D:10     | Reached XP level 11. HP: 75/95 MP: 13/14
  9492 | Lair:1   | Entered Level 1 of the Lair of Beasts
  9505 | Lair:1   | Reached ***** piety under Okawaru
  9519 | Lair:1   | Received a gift from Okawaru
  9734 | Lair:1   | Noticed Erica
  9751 | Lair:1   | Killed Erica
  9751 | Lair:1   | Received a gift from Okawaru
 10932 | Lair:2   | Noticed an oklob plant
 10942 | Lair:2   | Killed an oklob plant
 10943 | Lair:2   | Reached XP level 12. HP: 90/106 MP: 16/16
 11889 | Lair:3   | Found a staircase to the Swamp.
 11974 | Lair:3   | Reached skill level 10 in Fighting
 12004 | Lair:3   | Reached skill level 10 in Shields
 12264 | Lair:3   | Noticed a death yak
 12266 | Lair:3   | Noticed a death yak
 12268 | Lair:3   | Noticed a death yak
 12269 | Lair:3   | Noticed a death yak
 12285 | Lair:3   | Killed a death yak
 12290 | Lair:3   | Killed a death yak
 12290 | Lair:3   | Received a gift from Okawaru
 12292 | Lair:3   | Killed a death yak
 12298 | Lair:3   | Killed a death yak
 12342 | Lair:3   | Noticed an eight-headed hydra
 12350 | Lair:3   | Killed a five-headed hydra
 12479 | Lair:3   | Found a staircase to the Snake Pit.
 12627 | Snake:1  | Entered Level 1 of the Snake Pit
 12760 | Lair:4   | Noticed a death yak
 12763 | Lair:4   | Noticed a death yak
 12770 | Lair:4   | Killed a death yak
 12771 | Lair:4   | Reached XP level 13. HP: 61/115 MP: 18/18
 12781 | Lair:4   | HP: 5/115 [death yak (7)]
 13397 | Lair:4   | Found a staircase to the Slime Pits.
 13397 | Lair:4   | Found a viscous altar of Jiyva.
 13443 | Lair:4   | Received a gift from Okawaru
 13991 | Lair:5   | Entered Level 5 of the Lair of Beasts
 14002 | Lair:5   | Reached skill level 15 in Axes
 14126 | Lair:5   | Identified the +3 steam dragon scales of Toara {rC+++
                  | rCorr} (Okawaru gifted it to you on level 5 of the Lair of
                  | Beasts)
 14126 | Lair:5   | Received a gift from Okawaru
 15006 | Lair:5   | Reached skill level 15 in Armour
 15226 | Lair:5   | Reached ****** piety under Okawaru
 15289 | Lair:5   | Reached XP level 14. HP: 105/125 MP: 19/19
 15978 | D:11     | Received a gift from Okawaru
 16867 | D:12     | Found a staircase to the Orcish Mines.
 17487 | D:13     | Received a gift from Okawaru
 17755 | D:13     | Reached skill level 10 in Throwing
 18084 | D:14     | Noticed Agnes
 18092 | D:14     | Killed Agnes
 18312 | D:13     | Reached skill level 10 in Invocations
 18414 | D:14     | Found a gate to the Vaults.
 18461 | D:14     | Received a gift from Okawaru
 18619 | D:14     | Noticed Roxanne
 18777 | D:14     | Found an opulent altar of Gozag.
 18784 | D:14     | Reached XP level 15. HP: 135/135 MP: 21/21
 18984 | D:14     | Killed Roxanne
 19138 | D:14     | Found a basalt altar of Yredelemnul.
 19383 | D:14     | Noticed Louise
 19397 | D:14     | Killed Louise
 19667 | D:15     | Entered Level 15 of the Dungeon
 19727 | D:15     | Found a staircase to the Depths.
 19742 | D:15     | Found a gate leading to a gauntlet.
 19754 | Gauntlet | Entered a Gauntlet
 19754 | Gauntlet | Found a transporter.
 19754 | Gauntlet | Found a runed translucent door.
 19754 | Gauntlet | Found a transporter.
 19754 | Gauntlet | Found a transporter.
 19754 | Gauntlet | Found a runed translucent door.
 19755 | Gauntlet | Found a transporter.
 19756 | Gauntlet | Found a transporter.
 19759 | Gauntlet | Found a transporter.
 19765 | Gauntlet | Found a transporter.
 19768 | Gauntlet | Found a transporter.
 19768 | Gauntlet | Found a transporter.
 19770 | Gauntlet | Found a transporter.
 19784 | Gauntlet | Found a transporter.
 19787 | Gauntlet | Found a transporter.
 19996 | Gauntlet | Identified the +1 pair of gloves of the Game of Kings
                  | {rPois Regen+ Str-5}
 20087 | Gauntlet | Noticed an azure jelly
 20091 | Gauntlet | an azure jelly changed into a death yak
 20842 | D:15     | Found a bloodstained altar of Trog.
 20844 | D:15     | Found a shimmering altar of Xom.
 20844 | D:15     | Found a sparkling altar of Nemelex Xobeh.
 20859 | D:15     | Found a bloodstained altar of Trog.
 20859 | D:15     | Found a blossoming altar of Fedhas.
 20859 | D:15     | Found a shimmering altar of Xom.
 21228 | Orc:1    | Entered Level 1 of the Orcish Mines
 21278 | Orc:1    | Found Miacw's Specific Store.
 21280 | Orc:1    | Found Nujot's General Store.
 21336 | Orc:2    | Entered Level 2 of the Orcish Mines
 21444 | Orc:2    | Found Dashoson's Assorted Antiques.
 21457 | Orc:2    | Bought a scroll labelled KIMAJE UTUMP for 40 gold pieces
 21474 | Orc:2    | Found Xyenitz's Antique Armour Emporium.
 21481 | Orc:2    | Received a gift from Okawaru
 21606 | Orc:2    | Received a gift from Okawaru
 21607 | Orc:2    | Found Yjiymm's Magic Scroll Boutique.
 21607 | Orc:2    | Found Nozis's Antique Weapon Emporium.
 21703 | Orc:2    | Bought 3 scrolls of enchant armour for 405 gold pieces
 21813 | Orc:2    | Found a staircase to the Elven Halls.
 21923 | Orc:2    | Noticed wormed's ghost (journeyman AtCK)
 21930 | Orc:2    | Found a transporter.
 22397 | Orc:2    | Found a transporter.
 22577 | Orc:2    | Killed wormed's ghost
 22762 | Orc:2    | Bought a scroll of brand weapon for 380 gold pieces
 22762 | Orc:2    | Bought a scroll of enchant armour for 300 gold pieces
 22802 | Orc:1    | You fall into a shaft and drop 1 floor!
 22988 | Swamp:1  | Entered Level 1 of the Swamp
 23017 | Swamp:1  | Noticed Kirke
 23032 | Swamp:1  | Killed Kirke
 23204 | Swamp:1  | Received a gift from Okawaru
 23215 | Swamp:1  | Reached XP level 16. HP: 12/147 MP: 2/23
 23353 | Swamp:1  | Noticed Frances
 23374 | Swamp:1  | Killed Frances
 24101 | Swamp:2  | Noticed a thorn hunter
 24133 | Swamp:2  | Killed a thorn hunter
 24134 | Swamp:2  | Reached skill level 15 in Shields
 24141 | Swamp:2  | Slain by a tyrant leech

Illustrated notes

Levels and vault maps discovered:
D:1:      minmay_arrival_nine_rooms, layout_rooms,
          hellmonk_ecumenical_altar_lost_god, minivault_27
D:2:      layout_basic, solitary_fountain
D:3:      layout_loops_ring, okawaru_gym_becter, serial_shops,
          nicolae_shop_statue_plus, shop, nicolae_square_shop, uniq_ijyb,
          uniq_natasha
D:4:      layout_rooms, makhleb_altar_promises_db, minmay_misc_feat_alley
D:5:      layout_basic
D:6:      layout_loops_cross, nicolae_tso_swordbearing_angel,
          gammafunk_temple_overflow_wave
D:7:      layout_gridville, lemuel_crystal_altar, kennysheep_slug_shrine,
          marbit_many_paths, minmay_temple_entry_offerings
D:8:      layout_basic, lemuel_crystal_altar
D:9:      layout_roguey
D:10:     layout_basic, erik_lair_island, ebering_ghost_xom, serial_shops,
          kennysheep_mini_moat, nrook_loot_triangle
D:11:     layout_basic, kennysheep_crisscross
D:12:     layout_rooms, hiddenorc1_lemuel
D:13:     layout_small_grid
D:14:     layout_roguey [special_room_orc], erik_vaults_2,
          yredelemnul_altar_generic,
          nicolae_gozag_cash_rules_everything_around_me, uniq_louise,
          uniq_roxanne, uniq_agnes
D:15:     hangedman_depths_entry_civil_slaughter, layout_long_grid,
          doesnt_xom_only_xom, gauntlet_entry_generic
Lair:1:   layout_chaotic_city, grunt_megastairs_2, uniq_erica
Lair:2:   layout_small_grid, grunt_forest_stairs_basic,
          nicolae_lair_grazing_beasts [nicolae_sub_lair_graze_edge,
          nicolae_sub_lair_graze_edge, nicolae_sub_lair_graze_edge,
          nicolae_sub_lair_graze_edge], lemuel_fruit_tree, grunt_megastairs_3
Lair:3:   layout_misc_corridors, swamp_mist,
          minmay_snake_entry_guardpost_medium, lemuel_old_faithful
Lair:4:   layout_hall_layers, minmay_slime_entry_pillars, grunt_megastairs_5
Lair:5:   minmay_lair_end_frog_pond, layout_cave_pods,
          chequers_serial_rivers_micro_e
Swamp:1:  layout_falls_marsh, swamp_pool1, infiniplex_staircase_pool_2,
          uniq_frances, uniq_kirke
Swamp:2:  layout_basic_swamp, evilmike_swamp_ruin_rubble_2, swamp_pool1
Snake:1:  layout_onion, serial_bayou_shore_a, uniq_azrael
Orc:1:    layout_diamond_mine, nicolae_specific_store
Orc:2:    st_orc_town, layout_caves, gammafunk_ghost_stat_death,
          nicolae_orc_crystal_geode

Skill      XL: |  1  2  3  4  5  6  7  8  9 10 11 12 13 14 15 16 |
---------------+-------------------------------------------------+-----
Axes           | 3 4 5 6 8 9 11 12 14 15 17 18 | 18.0
Fighting       | 4 5 6 7 8 9 10 11 13 14 | 14.9
Shields        | 4 5 6 7 8 9 10 11 13 14 15 | 15.0
Armour         | 4 5 6 8 10 12 13 15 16 17 18 | 18.1
Throwing       | 1 2 3 4 5 6 7 8 9 10 | 10.0
Invocations    | 1 2 3 4 5 7 8 9 10 11 | 11.9

Action                   |  1- 3 |  4- 6 |  7- 9 | 10-12 | 13-15 | 16-18 || total
-------------------------+-------+-------+-------+-------+-------+-------++-------
Melee: War axe           |    87 |   107 |   216 |   356 |    43 |    56 ||   865
       Headbutt          |     8 |    13 |    30 |   101 |   295 |    52 ||   499
       Broad axe         |       |       |       |    87 |  1078 |   102 ||  1267
Throw: Boomerang         |       |       |     7 |     9 |    54 |       ||    70
Invok: Heroism           |       |       |     1 |    11 |    18 |     2 ||    32
       Finesse           |       |       |       |     4 |     8 |       ||    12
Evoke: Wand              |       |       |     8 |       |       |       ||     8
  Use: Scroll            |     3 |    11 |    14 |     8 |    13 |     1 ||    50
       Potion            |       |     2 |     2 |       |     2 |     1 ||     7
 Stab: Confused          |       |       |       |       |       |     1 ||     1
Armor: Scale mail        |    45 |       |       |       |       |       ||    45
       Chain mail        |    15 |    32 |       |       |       |       ||    47
       Plate armour      |       |    39 |   138 |   287 |   623 |   138 ||  1225
Dodge: Dodged            |    55 |    97 |   163 |   289 |   472 |    39 ||  1115
Block: Buckler           |    21 |    24 |    72 |   149 |   382 |       ||   648
       Tower shield      |       |       |       |       |    75 |   198 ||   273

Table legend: (Time is in decaauts)
 A = Elapsed time spent in this place.
 B = Non-inter-level travel time spent in this place.
 C = Inter-level travel time spent in this place.
 D = Time resting spent in this place.
 E = Time spent auto-exploring this place.
 F = Levels seen in this place.
 G = Mean time per level.
                   A        B        C        D        E       F      G
               +--------+--------+--------+--------+--------+-----+--------+
         Total |  23877 |  22369 |   1508 |   1934 |  14017 |  26 |  918.3 |
       Dungeon |  14781 |  13781 |   1000 |    988 |   9221 |  15 |  985.4 |
          Lair |   6000 |   5631 |    369 |    649 |   3567 |   5 | 1200.0 |
         Swamp |   1123 |   1123 |      0 |    199 |    461 |   2 |  561.5 |
     Snake Pit |      4 |      4 |      0 |      0 |      0 |   1 |    4.0 |
  Orcish Mines |   1532 |   1394 |    138 |     86 |    734 |   2 |  766.0 |
      Gauntlet |    434 |    434 |      0 |     12 |     34 |   1 |  434.0 |
               +--------+--------+--------+--------+--------+-----+--------+

Top non-repeatable levels by time:
  Lair:5: 1841 daAuts
    D:10: 1682 daAuts
   Orc:2: 1353 daAuts
  Lair:4: 1314 daAuts
    D:14: 1254 daAuts
     D:9: 1226 daAuts
     D:3: 1206 daAuts
  Lair:2: 1193 daAuts
     D:8: 1136 daAuts
     D:2: 1005 daAuts
 Swamp:1: 989 daAuts
    D:15: 971 daAuts
    D:13: 918 daAuts
    D:11: 901 daAuts
     D:5: 882 daAuts
